 Dungeon Crawl Stone Soup version 0.17-a0-977-g4154171 (webtiles) character file.

2668 Raurakos the Martial Artist (level 9, -4/43 HPs)
             Began as a Vine Stalker Monk on May 10, 2015.
             Was a High Priest of Makhleb.
             Slain by an orc warrior
             ... wielding a cursed +0 scimitar
              (11 damage)
             ... on level 8 of the Dungeon.
             The game lasted 00:41:03 (6771 turns).

Raurakos the Martial Artist (Vine Stalker Monk)     Turns: 6771, Time: 00:41:06

Health: -4/43      AC:  7    Str: 14    XL:     9   Next: 63%
Magic:  0/20       EV: 18    Int: 10    God:    Makhleb [*****.]
Gold:   111        SH:  0    Dex: 20    Spells: 0 memorised, 8 levels left

rFire  . . .     SeeInvis .       - Unarmed
rCold  . . .     Clarity  .     C - +3 leather armour {MR+}
rNeg   . . .     SustAb   .     (no shield)
rPois  .         Gourm    .     (helmet restricted)
rElec  .         Spirit   +     w - +0 cloak
rCorr  .         Warding  .     (no gloves)
rMut   .         Stasis   .     (no boots)
MR     ++...                    H - amulet of regeneration
Stlth  ++........               (no ring)
                                p - ring of magical power

@: very resistant to hostile enchantments, unstealthy
A: antennae 1, fangs 3, regeneration 2, magic shield, antimagic bite, no device
heal 3, rot immunity
a: Minor Destruction, Lesser Servant of Makhleb, Major Destruction, Greater
Servant of Makhleb, Renounce Religion


You were on level 8 of the Dungeon.
You worshipped Makhleb.
Makhleb was extremely pleased with you.
You were not hungry.

You visited 2 branches of the dungeon, and saw 9 of its levels.
You also visited: Sewer and Ossuary.

You collected 561 gold pieces.
You spent 450 gold pieces at shops.

Inventory:

Missiles
 g - 93 stones (quivered)
Armour
 w - a +0 cloak (worn)
 B - a +1 leather armour of cold resistance
 C - a +3 leather armour of magic resistance (worn)
Jewellery
 p - a ring of magical power (left hand)
 x - an uncursed ring of fire
 H - an amulet of regeneration (around neck)
Magical devices
 k - a wand of fireball (3)
 G - a wand of slowing (19)
 I - a wand of magic darts (38)
Scrolls
 d - 2 scrolls of fog
 e - 3 scrolls of remove curse
 f - 2 scrolls of magic mapping
 l - 2 scrolls of amnesia {unknown}
 m - 2 scrolls of enchant armour
 r - 2 scrolls of enchant weapon
 t - 2 scrolls of teleportation
 y - a scroll of recharging {unknown}
 E - a scroll of noise {unknown}
 F - 3 scrolls of random uselessness {unknown}
 K - a scroll of holy word {unknown}
Potions
 a - 4 potions of agility
 h - 2 potions of resistance
 i - a potion of invisibility
 u - 3 potions of flight
 v - a potion of beneficial mutation
 z - a potion of lignification {unknown}
 A - a potion of magic
 D - 3 potions of curing
Books
 j - a book of Death

   Spells                             Type                      Level
   a - Corpse Rot                     Necromancy                   2
   b - Sublimation of Blood           Necromancy                   2
   c - Agony                          Necromancy                   5
   d - Dispel Undead                  Necromancy                   5
   e - Excruciating Wounds            Charms/Necromancy            5
   f - Bolt of Draining               Conjuration/Necromancy       5
Comestibles
 b - 7 bread rations
 c - 9 meat rations
 n - 3 beef jerkies
 o - a royal jelly
 q - 3 slices of pizza
 s - 27 fruits
 J - a chunk of flesh


   Skills:
 - Level 2.6 Fighting
 + Level 7.7 Dodging
 - Level 2.4 Stealth
 - Level 10.0 Unarmed Combat
 - Level 2.2 Invocations


You had 8 spell levels left.
You didn't know any spells.

Dungeon Overview and Level Annotations

Branches:
Dungeon (8/15)             Temple (1/1) D:4
   Lair: D:8-11

Altars:
Ashenzari
Cheibriados
Dithmenos
Elyvilon
Fedhas
Kikubaaqudgha
Makhleb
Nemelex Xobeh
Okawaru
Qazlal
Ru
Trog
Vehumet
Xom
Yredelemnul
Zin
The Shining One

Shops:
D:7 =

Annotations:
D:5 Dowan, Duvessa


Innate Abilities, Weirdness & Mutations

You have razor-sharp teeth.
You heal very quickly.
When hurt, damage is shared between your health and your magic reserves.
Your bite disrupts and absorbs the magic of your enemies.
Potions and wands cannot restore your health.
You are immune to rotting.
You have a pair of small antennae on your head.


Message History

You hit the orc warrior.
You punch the orc warrior, but do no damage.
The orc warrior is lightly wounded.
The orc warrior hits you with a scimitar.
You punch the orc warrior! Your bite misses the orc warrior.
The orc warrior is moderately wounded.
The orc priest calls down the wrath of Beogh upon you.
Something smites you!
* * * LOW HITPOINT WARNING * * *
You closely miss the orc warrior. You bite the orc warrior.
You drain its power.
You feel invigorated.
The orc warrior is heavily wounded.
The orc warrior misses you.
You hit the orc warrior. Your bite misses the orc warrior.
The orc warrior is heavily wounded.
The orc priest invokes the aid of Beogh against you.
Something smites you!
* * * LOW HITPOINT WARNING * * *
The orc warrior hits you with a scimitar!
You die...

#############* #....@ooo....*
#.##########.* **##########.#
*,* *,........##.# *,*
*,........##.# *,*
*,........##.# *******
*,...........# *,*,*,**
***######.####*******≈≈≈≈≈≈***
#.#,,,,,,,,*_,,,,,,+,*


You could see an orc warrior, an orc priest and an orc.

Vanquished Creatures
  A sky beast (D:8)
  2 orc warriors
  3 ogres
  A necrophage (D:8)
  An ice beast (D:8)
  A big kobold (D:8)
  Blork the orc (D:5)
  An elf zombie (Ossuary)
  2 giant frogs
  A crimson imp (D:8)
  4 orc priests
  A centaur zombie (Ossuary)
  2 human zombies (Ossuary)
  8 orc wizards
  2 centaur skeletons (D:4)
  A gnoll shaman (D:8)
  6 hounds
  5 iguanas
  2 worker ants
  3 hound zombies
  A hound skeleton (D:4)
  3 mummies (Ossuary)
  9 adders
  4 gnolls (D:8)
  A river rat (D:3)
  2 shadow imps
  An ooze (D:1)
  5 adder zombies (Ossuary)
  A worm (D:2)
  4 giant geckos
  25 orcs
  2 bat skeletons
  3 bat zombies
  5 giant cockroaches
  A gnoll zombie (Ossuary)
  5 goblins
  14 hobgoblins
  9 jackals
  3 quokkas
  2 ball pythons
  17 bats
  3 giant newts
  3 goblin zombies (Ossuary)
  3 hobgoblin zombies (Ossuary)
  A jackal skeleton (D:6)
  4 jackal zombies (Ossuary)
  14 kobolds
  5 kobold zombies (Ossuary)
  4 orc zombies (Ossuary)
  A quokka skeleton (D:4)
  4 quokka zombies (Ossuary)
  16 rats
  3 rat zombies (Ossuary)
  2 ballistomycetes (D:7)
228 creatures vanquished.

Vanquished Creatures (collateral kills)
  Erica (D:8)
  An orc wizard (D:5)
2 creatures vanquished.

Vanquished Creatures (others)
  A neqoxec (D:6)
  A giant spore (D:7)
2 creatures vanquished.

Grand Total: 232 creatures vanquished

Notes
Turn   | Place    | Note
--------------------------------------------------------------
     0 | D:1      | Raurakos, the Vine Stalker Monk, began the quest for the Orb.
     0 | D:1      | Reached XP level 1. HP: 11/11 MP: 2/2
   228 | D:1      | Reached XP level 2. HP: 16/16 MP: 3/3
   544 | D:2      | Reached skill level 5 in Unarmed Combat
   544 | D:2      | Reached XP level 3. HP: 19/19 MP: 4/4
  1215 | D:3      | Found a glowing drain.
  1241 | D:3      | Reached XP level 4. HP: 9/23 MP: 5/5
  1286 | Sewer    | Entered a sewer
  1316 | Sewer    | Noticed Purgy
  1544 | D:3      | Noticed an ogre
  1696 | D:3      | Found a shimmering altar of Xom.
  1865 | D:4      | Found a staircase to the Ecumenical Temple.
  1886 | D:4      | Reached skill level 6 in Unarmed Combat
  1886 | D:4      | Reached XP level 5. HP: 11/27 MP: 6/6
  1953 | Temple   | Entered the Ecumenical Temple
  2070 | Temple   | Became a worshipper of Makhleb the Destroyer
  2070 | Temple   | Acquired Makhleb's first power
  2070 | Temple   | Acquired Makhleb's second power
  2577 | D:4      | Reached skill level 7 in Unarmed Combat
  2577 | D:4      | Gained mutation: You heal very quickly. [Vine Stalker growth]
  2577 | D:4      | Reached XP level 6. HP: 30/32 MP: 7/7
  2782 | D:4      | Found a shattered altar of Ashenzari.
  2783 | D:4      | Found a basalt altar of Yredelemnul.
  2911 | D:4      | Acquired Makhleb's third power
  2945 | D:4      | Reached skill level 8 in Unarmed Combat
  3095 | D:5      | Entered Level 5 of the Dungeon
  3171 | D:5      | Reached XP level 7. HP: 32/35 MP: 8/8
  3184 | D:5      | Noticed Duvessa
  3185 | D:5      | Noticed Dowan
  3219 | D:5      | Found an ancient bone altar of Kikubaaqudgha.
  3259 | D:5      | Reached skill level 1 in Invocations
  3562 | D:5      | Found an iron altar of Okawaru.
  3690 | D:5      | Noticed Blork the orc
  3761 | D:5      | Killed Blork the orc
  4110 | D:5      | Acquired Makhleb's fourth power
  4110 | D:5      | Reached skill level 9 in Unarmed Combat
  4209 | D:6      | Gained mutation: You have razor-sharp teeth. [Vine Stalker growth]
  4209 | D:6      | Reached XP level 8. HP: 39/39 MP: 10/10
  4265 | D:6      | Found a sand-covered staircase.
  4270 | Ossuary  | Entered an ossuary
  4433 | Ossuary  | Reached skill level 10 in Unarmed Combat
  4564 | Ossuary  | Gained mutation: You have a pair of small antennae on your head. [potion of beneficial mutation]
  5340 | D:7      | Found Soashreal's Jewellery Shop.
  5532 | D:7      | Acquired Makhleb's fifth power
  5532 | D:7      | Reached skill level 5 in Dodging
  5744 | D:7      | Bought an uncursed amulet of regeneration for 450 gold pieces
  6105 | D:8      | Got a ripped robe
  6116 | D:8      | Identified the cursed +0 robe of Inaction {Str+4} (You found it on level 8 of the Dungeon)
  6152 | D:8      | Reached XP level 9. HP: 41/43 MP: 11/11
  6310 | D:8      | Noticed Erica
  6377 | D:8      | Killed Erica
  6771 | D:8      | Slain by an orc warrior

Vault maps used:
D:1:      shiori_arrival_oz
D:3:      xom_teletrap_fun, portal_sewer_entry_c, first_bread
D:4:      gammafunk_temple_overflow_statue, minmay_temple_entry_statues_pillars
D:5:      nicolae_overflow_crystal_walls, basic_altar, uniq_duvessa,
          uniq_blork_the_orc
D:6:      enter_ossuary_5
D:7:      serial_shops, nicolae_shop_window_shopping
D:8:      okawaru_altar_gauntlet_db, blue_anna_alchemist, uniq_psyche,
          uniq_erica
Temple:   circular_temple_12
Sewer:    kennysheep_door_sewer
Ossuary:  minmay_ossuary_two_tombs

Action                   |  1- 3 |  4- 6 |  7- 9 || total
-------------------------+-------+-------+-------++-------
Melee: Unarmed           |    87 |   159 |   424 ||   670
Throw: Stone             |       |    30 |    63 ||    93
Invok: Minor Destruction |       |       |    14 ||    14
       Lesser Servant of |       |       |     3 ||     3
  Use: Scroll            |       |       |    18 ||    18
       Potion            |       |       |     1 ||     1
 Stab: Sleeping          |     8 |     8 |     6 ||    22
       Distracted        |       |       |     1 ||     1
  Eat: Chunk             |     1 |     6 |    13 ||    20
